[ AOE2 MATCH · #505613938 ]
UnrankedMongols vs Maya
Player's team · LOSS
Rival team · WIN
[ REPLAY ANALYSIS · EXTRACTED FROM THE RECORDED GAME ]
Feudal
11:20
Castle
15:03
Imperial
—
| APM avg | 49.6 |
| APM peak | 71 |
| eAPM avg | 18.9 |
| Villagers / military | 58 / 32 |
Focus
⚔️ 34.0% · 🌾 66.0%
Knight ×18 · Mangonel ×6 · Steppe Lancer ×4 · Monk ×3 · Scorpion ×1
Feudal
11:21
Castle
22:00
Imperial
—
| APM avg | 51.4 |
| APM peak | 83 |
| eAPM avg | 24.1 |
| Villagers / military | 62 / 65 |
Focus
⚔️ 49.4% · 🌾 50.6%
Eagle Scout ×32 · Archer ×26 · Militia ×4 · Monk ×3
Match map
Initial resources + every placement click. Lines = walls · curves = elevation contours. ◆ gold · ⬟ stone · ● berries · ✦ relic · ◌ wall gap
Your base· Open — 8t gap
[JA]Xerxes's base· ✓ Closed at 22:00 · 23t walls · 1 gate(s)
Smoothed initial terrain · ◌ = detected wall gap · hover for details
Inputs per minute
— Player46887455 - - [JA]Xerxes
Build order — Player46887455
First 150 of 151 actions detected
| 0:00 | Create | Villager (Male) |
| 0:01 | Create | Villager (Male) |
| 0:01 | Build | House |
| 0:03 | Build | House |
| 0:07 | Create | Villager (Male) |
| 0:07 | Create | Villager (Male) |
| 1:26 | Create | Villager (Male) |
| 1:27 | Create | Villager (Male) |
| 1:27 | Create | Villager (Male) |
| 2:01 | Create | Villager (Male) |
| 2:01 | Create | Villager (Male) |
| 2:22 | Create | Villager (Male) |
| 2:22 | Create | Villager (Male) |
| 2:22 | Create | Villager (Male) |
| 2:43 | Create | Villager (Male) |
| 2:43 | Create | Villager (Male) |
| 2:43 | Create | Villager (Male) |
| 2:44 | Create | Villager (Male) |
| 2:49 | Build | Lumber Camp |
| 3:36 | Create | Villager (Male) |
| 3:36 | Create | Villager (Male) |
| 3:45 | Create | Villager (Male) |
| 3:45 | Create | Villager (Male) |
| 3:45 | Create | Villager (Male) |
| 3:46 | Create | Villager (Male) |
| 3:46 | Create | Villager (Male) |
| 3:51 | Build | House |
| 3:55 | Build | Palisade Wall |
| 5:28 | Create | Villager (Male) |
| 5:45 | Create | Villager (Male) |
| 5:48 | Build | Mill |
| 6:07 | Build | Palisade Wall |
| 6:11 | Create | Villager (Male) |
| 6:27 | Create | Villager (Male) |
| 6:31 | Build | House |
| 7:10 | Build | Mill |
| 7:27 | Research | Loom |
| 7:45 | Create | Villager (Male) |
| 7:54 | Create | Villager (Male) |
| 8:44 | Create | Villager (Male) |
| 8:45 | Research | Feudal Age |
| 8:49 | Build | Farm |
| 9:06 | Build | Palisade Wall |
| 9:16 | Build | Barracks |
| 9:50 | Create | Villager (Male) |
| 9:50 | Create | Villager (Male) |
| 10:44 | Build | Farm |
| 11:20 | Age | Feudal Age |
| 11:27 | Build | Stable |
| 11:32 | Build | Market |
| 12:14 | Build | Farm |
| 12:23 | Research | Castle Age |
| 12:27 | Research | Double-Bit Axe |
| 12:43 | Build | Farm |
| 12:47 | Build | House |
| 12:49 | Build | Palisade Wall |
| 12:55 | Build | Farm |
| 13:15 | Build | Farm |
| 13:38 | Build | Palisade Wall |
| 13:47 | Build | Mining Camp |
| 14:41 | Build | Blacksmith |
| 14:46 | Create | Villager (Male) |
| 14:52 | Build | Palisade Wall |
| 15:03 | Age | Castle Age |
| 15:10 | Create | Steppe Lancer |
| 15:10 | Create | Steppe Lancer |
| 15:13 | Build | Palisade Wall |
| 15:15 | Build | Palisade Wall |
| 15:20 | Build | Palisade Gate |
| 15:31 | Create | Villager (Male) |
| 15:40 | Create | Villager (Male) |
| 15:46 | Create | Knight |
| 15:52 | Build | House |
| 15:59 | Build | House |
| 16:06 | Create | Villager (Male) |
| 16:14 | Create | Knight |
| 16:25 | Build | House |
| 16:33 | Build | Palisade Wall |
| 17:02 | Build | Palisade Wall |
| 17:06 | Build | Farm |
| 17:09 | Build | Siege Workshop |
| 17:17 | Create | Villager (Male) |
| 17:32 | Build | Palisade Wall |
| 17:39 | Create | Villager (Male) |
| 18:01 | Build | Farm |
| 18:03 | Build | Farm |
| 18:11 | Create | Villager (Male) |
| 18:22 | Create | Villager (Male) |
| 18:22 | Create | Villager (Male) |
| 18:45 | Create | Mangonel |
| 18:45 | Create | Mangonel |
| 18:51 | Build | House |
| 18:59 | Build | Palisade Wall |
| 19:00 | Build | Palisade Wall |
| 19:02 | Build | Palisade Wall |
| 19:25 | Build | Farm |
| 19:28 | Create | Villager (Male) |
| 19:30 | Create | Mangonel |
| 19:30 | Create | Mangonel |
| 19:30 | Create | Mangonel |
| 19:34 | Create | Villager (Male) |
| 19:34 | Create | Villager (Male) |
| 19:35 | Create | Villager (Male) |
| 19:54 | Build | Farm |
| 20:15 | Create | Knight |
| 20:15 | Create | Knight |
| 20:24 | Build | Monastery |
| 20:32 | Create | Knight |
| 20:32 | Create | Knight |
| 20:32 | Create | Knight |
| 20:32 | Create | Knight |
| 20:32 | Create | Knight |
| 20:46 | Create | Villager (Male) |
| 20:46 | Create | Villager (Male) |
| 20:52 | Create | Scorpion |
| 21:07 | Create | Monk |
| 21:23 | Create | Knight |
| 21:23 | Create | Knight |
| 21:53 | Create | Monk |
| 21:57 | Create | Villager (Male) |
| 22:00 | Build | Farm |
| 22:01 | Build | Farm |
| 22:13 | Create | Steppe Lancer |
| 22:13 | Create | Steppe Lancer |
| 22:16 | Build | House |
| 22:17 | Build | House |
| 22:25 | Build | Farm |
| 22:28 | Build | Farm |
| 22:38 | Build | Lumber Camp |
| 22:46 | Create | Villager (Male) |
| 23:37 | Create | Villager (Male) |
| 23:44 | Build | Farm |
| 23:57 | Build | Mining Camp |
| 24:31 | Create | Villager (Male) |
| 24:37 | Create | Monk |
| 24:39 | Create | Villager (Male) |
| 25:06 | Create | Knight |
| 25:06 | Create | Knight |
| 25:06 | Create | Knight |
| 25:17 | Create | Villager (Male) |
| 25:40 | Create | Knight |
| 25:40 | Create | Knight |
| 25:48 | Create | Villager (Male) |
| 25:49 | Build | Farm |
| 26:12 | Create | Villager (Male) |
| 26:44 | Create | Knight |
| 26:44 | Create | Knight |
| 27:11 | Create | Villager (Male) |
| 27:24 | Create | Villager (Male) |
| 27:42 | Create | Mangonel |
Build order — [JA]Xerxes
First 150 of 205 actions detected
| 0:01 | Research | Loom |
| 0:02 | Build | House |
| 0:04 | Build | House |
| 0:15 | Create | Villager (Male) |
| 0:16 | Create | Villager (Male) |
| 0:31 | Create | Villager (Male) |
| 0:31 | Create | Villager (Male) |
| 1:23 | Create | Villager (Male) |
| 1:24 | Create | Villager (Male) |
| 1:54 | Build | Lumber Camp |
| 1:57 | Create | Villager (Male) |
| 2:13 | Create | Villager (Male) |
| 2:13 | Create | Villager (Male) |
| 2:45 | Create | Villager (Male) |
| 2:45 | Create | Villager (Male) |
| 3:13 | Create | Villager (Male) |
| 3:25 | Create | Villager (Male) |
| 3:51 | Build | House |
| 4:01 | Create | Villager (Male) |
| 4:04 | Create | Villager (Male) |
| 4:27 | Build | Barracks |
| 4:56 | Create | Villager (Male) |
| 4:58 | Create | Villager (Male) |
| 5:00 | Build | House |
| 5:19 | Create | Villager (Male) |
| 5:24 | Build | House |
| 5:25 | Create | Militia |
| 5:47 | Create | Militia |
| 5:53 | Create | Villager (Male) |
| 6:02 | Build | House |
| 6:09 | Create | Villager (Male) |
| 6:10 | Create | Militia |
| 6:42 | Create | Villager (Male) |
| 7:13 | Create | Villager (Male) |
| 7:27 | Build | Mill |
| 7:52 | Create | Villager (Male) |
| 8:06 | Create | Villager (Male) |
| 8:27 | Create | Villager (Male) |
| 8:52 | Build | Lumber Camp |
| 9:03 | Research | Feudal Age |
| 9:10 | Build | Mining Camp |
| 10:13 | Build | House |
| 10:52 | Create | Militia |
| 11:06 | Build | Palisade Wall |
| 11:20 | Create | Villager (Male) |
| 11:21 | Age | Feudal Age |
| 11:24 | Build | Archery Range |
| 11:26 | Build | Archery Range |
| 11:31 | Build | Palisade Wall |
| 11:39 | Build | House |
| 11:44 | Create | Villager (Male) |
| 11:45 | Research | Double-Bit Axe |
| 11:46 | Research | Horse Collar |
| 12:11 | Build | Farm |
| 12:11 | Create | Villager (Male) |
| 12:13 | Create | Archer |
| 12:18 | Create | Archer |
| 12:27 | Build | Farm |
| 12:32 | Build | House |
| 12:33 | Create | Villager (Male) |
| 12:39 | Create | Archer |
| 12:39 | Create | Archer |
| 12:44 | Build | Farm |
| 12:59 | Build | Farm |
| 13:03 | Create | Villager (Male) |
| 13:04 | Create | Archer |
| 13:17 | Build | Farm |
| 13:20 | Create | Archer |
| 13:23 | Create | Villager (Male) |
| 13:38 | Build | Farm |
| 13:41 | Build | Farm |
| 13:43 | Create | Villager (Male) |
| 14:02 | Research | Man-at-Arms (upgrade) |
| 14:05 | Create | Archer |
| 14:05 | Create | Archer |
| 14:20 | Create | Villager (Male) |
| 14:23 | Build | Blacksmith |
| 14:30 | Build | Farm |
| 14:33 | Create | Archer |
| 14:35 | Create | Villager (Male) |
| 14:42 | Build | House |
| 14:48 | Create | Villager (Male) |
| 14:49 | Create | Archer |
| 15:04 | Build | Farm |
| 15:05 | Create | Archer |
| 15:08 | Research | Fletching |
| 15:10 | Build | House |
| 15:35 | Create | Villager (Male) |
| 15:35 | Create | Archer |
| 15:47 | Create | Villager (Male) |
| 16:00 | Create | Villager (Male) |
| 16:04 | Create | Villager (Male) |
| 16:05 | Build | Farm |
| 16:06 | Build | Farm |
| 16:07 | Build | Farm |
| 16:19 | Create | Villager (Male) |
| 16:20 | Create | Archer |
| 16:26 | Build | Farm |
| 16:30 | Build | Farm |
| 16:32 | Research | Wheelbarrow |
| 16:36 | Create | Archer |
| 16:57 | Create | Villager (Male) |
| 17:14 | Create | Villager (Male) |
| 17:23 | Create | Villager (Male) |
| 17:25 | Build | Archery Range |
| 17:33 | Create | Villager (Male) |
| 17:35 | Create | Archer |
| 17:38 | Create | Archer |
| 17:39 | Create | Villager (Male) |
| 17:41 | Build | House |
| 17:41 | Build | House |
| 18:02 | Build | Palisade Gate |
| 18:10 | Create | Villager (Male) |
| 18:20 | Build | Palisade Wall |
| 18:27 | Create | Eagle Scout |
| 18:31 | Create | Villager (Male) |
| 18:32 | Create | Archer |
| 18:41 | Build | Market |
| 18:47 | Create | Archer |
| 19:15 | Build | Farm |
| 19:16 | Build | Farm |
| 19:18 | Research | Castle Age |
| 19:19 | Create | Archer |
| 19:22 | Create | Eagle Scout |
| 19:35 | Build | Mining Camp |
| 19:52 | Create | Archer |
| 19:53 | Create | Archer |
| 19:53 | Create | Archer |
| 19:56 | Research | Gold Mining |
| 20:12 | Research | Padded Archer Armor |
| 20:15 | Create | Villager (Male) |
| 20:23 | Create | Eagle Scout |
| 20:41 | Create | Archer |
| 20:42 | Create | Archer |
| 20:49 | Build | House |
| 21:35 | Build | Barracks |
| 21:37 | Create | Eagle Scout |
| 21:46 | Build | Barracks |
| 21:49 | Create | Eagle Scout |
| 22:00 | Age | Castle Age |
| 22:01 | Research | Crossbowman (upgrade) |
| 22:03 | Research | Bodkin Arrow |
| 22:35 | Research | Eagle Warrior (upgrade) |
| 22:44 | Create | Villager (Male) |
| 22:45 | Create | Eagle Scout |
| 22:46 | Create | Eagle Scout |
| 22:49 | Build | Monastery |
| 22:59 | Create | Eagle Scout |
| 23:02 | Create | Eagle Scout |
| 23:09 | Create | Villager (Male) |
Match timeline
| 3:55 | Player46887455 · wall_segment Palisade Wall x8 |
| 4:27 | [JA]Xerxes · first_building Barracks |
| 6:07 | Player46887455 · wall_segment Palisade Wall x5 |
| 9:06 | Player46887455 · wall_segment Palisade Wall x1 |
| 9:16 | Player46887455 · first_building Barracks |
| 11:06 | [JA]Xerxes · wall_segment Palisade Wall x20 |
| 11:20 | Player46887455 · age_up feudal |
| 11:21 | [JA]Xerxes · age_up feudal |
| 11:24 | [JA]Xerxes · first_building Archery Range |
| 11:27 | Player46887455 · first_building Stable |
| 11:31 | [JA]Xerxes · wall_segment Palisade Wall x2 |
| 12:22 | Player46887455 · first_market_sell 100 stone |
| 12:49 | Player46887455 · wall_segment Palisade Wall x2 |
| 13:38 | Player46887455 · wall_segment Palisade Wall x13 |
| 14:52 | Player46887455 · wall_segment Palisade Wall x3 |
| 15:03 | Player46887455 · age_up castle |
| 15:13 | Player46887455 · wall_segment Palisade Wall x1 |
| 15:15 | Player46887455 · wall_segment Palisade Wall x1 |
| 16:33 | Player46887455 · wall_segment Palisade Wall x3 |
| 17:02 | Player46887455 · wall_segment Palisade Wall x1 |
| 17:09 | Player46887455 · first_building Siege Workshop |
| 17:32 | Player46887455 · wall_segment Palisade Wall x3 |
| 18:20 | [JA]Xerxes · wall_segment Palisade Wall x1 |
| 18:59 | Player46887455 · wall_segment Palisade Wall x1 |
| 19:00 | Player46887455 · wall_segment Palisade Wall x1 |
| 19:02 | Player46887455 · wall_segment Palisade Wall x1 |
| 20:24 | Player46887455 · first_building Monastery |
| 22:00 | [JA]Xerxes · age_up castle |
| 22:21 | [JA]Xerxes · first_market_sell 100 wood |
| 22:49 | [JA]Xerxes · first_building Monastery |
| 28:30 | Player46887455 · resign |
[ AI ANALYSIS · 1 CREDIT ]
What really happened in this match?
Wolo.gg analyzes every decision: build order, eco, micro, common mistakes by bracket. Personalized analysis on WhatsApp or Discord in 30 seconds.
Civ guide
Mongols
Perfil
Jugador #25495124